 Dungeon Crawl Stone Soup version 0.23-a0-315-ga85b81c (webtiles) character file.

52 CLM the Insei (level 3, 0/18 HPs)
             Began as a Vine Stalker Transmuter on Oct 13, 2018.
             Succumbed to an adder's poison
             ... on level 2 of the Dungeon.
             The game lasted 00:02:29 (901 turns).

CLM the Insei (Vine Stalker Transmuter)              Turns: 901, Time: 00:02:30

Health: 0/18       AC:  2    Str: 16 (18) XL:     3   Next: 85%
Magic:  3/8        EV: 12    Int: 17 (18) God:
Gold:   40         SH:  0    Dex: 11 (14) Spells: 1/7 levels left

rFire    . . .     SeeInvis .     - Unarmed
rCold    . . .     Gourm    .   (no shield)
rNeg     . . .     Faith    .   b - +0 robe
rPois    .         Spirit   +   (no helmet)
rElec    .         Reflect  .   (no cloak)
rCorr    .         Harm     .   (no gloves)
MR       .....                  (no boots)
Stlth    +.........             (no amulet)
HPRegen  0.06/turn              (no ring)
MPRegen  0.11/turn              (no ring)

@: mighty, brilliant, lethally poisoned (0 -> -4), berserk cooldown, hasted and
slowed
A: fangs 2, magic shield, antimagic bite, no potion heal 3, rot immunity
a: no special abilities


You were on level 2 of the Dungeon.
You were not hungry.

You visited 1 branch of the dungeon, and saw 2 of its levels.

You collected 40 gold pieces.

Inventory:

Missiles
 a - 9 arrows
 j - 23 stones (quivered)
Armour
 b - a +0 robe (worn)
Scrolls
 f - a scroll of amnesia {unknown}
 k - a scroll of remove curse {unknown}
 n - a scroll of enchant weapon {unknown}
Potions
 h - 2 potions of might
 i - a potion of heal wounds {unknown}
Comestibles
 c - 3 chunks of flesh
 e - 2 rations {!d}


   Skills:
 + Level 1.7 Fighting
 - Level 1.5 Dodging
 + Level 3.4 Unarmed Combat
 - Level 2.7 Spellcasting
 + Level 2.5 Transmutations
 + Level 0.2 Poison Magic


You had one spell level left.
You knew the following spells:

 Your Spells              Type           Power        Failure   Level  Hunger
a - Beastly Appendage     Tmut           ###...       1%          1    #......
b - Sticks to Snakes      Tmut           ###.....     1%          2    ##.....
x - Spider Form           Tmut/Pois      ###.......   3%          3    ###....

Your spell library contained the following spells:

 Spells                   Type           Power        Failure   Level  Hunger
 Ice Form                 Ice/Tmut       ###.....     12%         4    #####..
 Blade Hands              Tmut           ###.......   17%         5    ######.


Dungeon Overview and Level Annotations

Branches:
Dungeon (2/15)

Altars:


Innate Abilities, Weirdness & Mutations

You have extremely sharp teeth.
When hurt, damage is shared between your health and your magic reserves.
Your bite disrupts and absorbs the magic of your enemies.
Potions cannot restore your health.
You are immune to rotting.


Message History

Your ball python grabs the kobold.
Your ball python constricts the kobold.
You barely miss the adder. Your bite misses the adder. The adder bites you.
* * * LOW HITPOINT WARNING * * *
You are more poisoned.
The adder poisons you! The kobold closely misses you.
Your ball python bites the kobold.
Your ball python constricts the kobold.
You closely miss the adder. Your kick misses the adder.
You bite the adder, but do no damage.
You feel sick. The adder bites you.
Your ball python barely misses the kobold.
Your ball python constricts the kobold.
The kobold hits you with a dagger.
* * * LOW HITPOINT WARNING * * *
The adder closely misses you.
It was a potion of might.
You feel very mighty all of a sudden.
Your ball python bites the kobold but does no damage.
Your ball python constricts the kobold.
The kobold hits you with a dagger.
* * * LOW HITPOINT WARNING * * *
The adder bites you but does no damage.
Your ball python bites the kobold.
Your ball python constricts the kobold.
You miss the adder. You claw the adder!
You kill the adder!
* * * LOW HITPOINT WARNING * * *
You feel sick.
The kobold hits your ball python but does no damage.
Your ball python bites the kobold.
The kobold dies!
It was a potion of berserk rage.
A red film seems to cover your vision as you go berserk!
You feel yourself moving faster!
You feel mighty!
Your talons disappear.
Unknown command.
You are too berserk!
You feel a strong urge to attack something.
* * * LOW HITPOINT WARNING * * *
You feel sick.
You are too berserk!
You feel your anger nearly subside.
You are no longer berserk.
You are exhausted.
You feel yourself slow down.
It was a potion of brilliance.
You feel clever all of a sudden.
* * * LOW HITPOINT WARNING * * *
You feel sick.
It was a potion of degeneration.
There was something very wrong with that liquid.
You feel weakened.
You feel dopey.
You feel clumsy.
Unknown command.
It was a potion of haste.
You feel yourself speed up.
You die...

####### #.....#
#.###.#
##############[###.#
.........S@......#.#
.......).#########.#
..######... #.#
##### #.# #.# #.#
#.# #.# #.#


You could see a friendly ball python.

Vanquished Creatures
  An adder (D:2)
  An ooze (D:1)
  A dart slug (D:1)
  A leopard gecko (D:1)
  6 bats
  7 hobgoblins
  7 jackals
  2 kobolds (D:1)
  2 frilled lizards
  2 goblins (D:1)
  4 rats (D:1)
34 creatures vanquished.

Vanquished Creatures (collateral kills)
  A kobold (D:2)
1 creature vanquished.

Grand Total: 35 creatures vanquished

Notes
Turn   | Place    | Note
-------+----------+-------------------------------------------
     0 | D:1      | CLM the Vine Stalker Transmuter began the quest for the
                  | Orb.
     0 | D:1      | Reached XP level 1. HP: 9/9 MP: 4/4
    24 | D:1      | Reached skill level 1 in Fighting
   270 | D:1      | Reached XP level 2. HP: 14/14 MP: 4/6
   275 | D:1      | Learned a level 2 spell: Sticks to Snakes
   474 | D:1      | Reached XP level 3. HP: 18/18 MP: 5/7
   828 | D:2      | Learned a level 3 spell: Spider Form
   901 | D:2      | Succumbed to an adder's poison

Vault maps used:
D:1:      dpeg_arrival_lava_altar
D:2:      old_standard_altar, tso_altar

Skill      XL: |  1 |
---------------+----+-----
Fighting       | 1 |  1.7
Dodging        | |  1.5
Unarmed Combat | |  3.4
Spellcasting   | |  2.7
Transmutations | |  2.5
Poison Magic   | |  0.2

Action                   || total
-------------------------++-------
Melee: Unarmed           ||    82
       Kick              ||    16
       Bite              ||    10
       Headbutt          ||     1
       Punch             ||     1
 Cast: Beastly Appendage ||    17
       Sticks to Snakes  ||     3
  Use: Potion            ||     5
  Eat: Chunk             ||     1
Armor: Robe              ||    13
Dodge: Dodged            ||    58

Table legend:
 A = Non-vault XP
 B = Vault XP
 C = Vault XP percentage of total XP
 D = Non-vault monster count
 E = Vault monster count
 F = Vault count percentage of total count
                 A         B        C        D         E       F
            +---------+---------+-------+---------+---------+-------
      Total |      75 |       0 |   0.0 |      35 |       0 |   0.0
            +---------+---------+-------+---------+---------+-------
        D:1 |      52 |       0 |   0.0 |      27 |       0 |   0.0
        D:2 |      23 |       0 |   0.0 |       8 |       0 |   0.0
            +---------+---------+-------+---------+---------+-------
